 Dungeon Crawl Stone Soup version 0.26-a0-21-gf97e55dc39 (webtiles) character file.

Game seed: 12479219699450171768, levelgen mode: deterministic

290 Radical100 the Grave Robber (level 6, -13/32 HPs)
             Began as a Deep Elf Necromancer on May 26, 2020.
             Mangled by an ogre
             ... wielding a +0 giant club
              (19 damage)
             ... on level 4 of the Dungeon on May 27, 2020.
             The game lasted 00:08:50 (5408 turns).

Radical100 the Grave Robber (Deep Elf Necromancer)  Turns: 5408, Time: 00:08:50

Health: -13/32     AC:  5    Str:  5    XL:     6   Next: 9%
Magic:  15/15      EV: 13    Int: 22    God:
Gold:   158        SH:  0    Dex: 15    Spells: 5/14 levels left

rFire    . . .     SeeInvis .   o - +2 rapier
rCold    . . .     Gourm    .   (no shield)
rNeg     . . .     Faith    .   a - +0 robe
rPois    .         Spirit   .   p - +0 helmet
rElec    .         Reflect  .   (no cloak)
rCorr    .         Harm     .   i - +1 pair of gloves
MR       .....                  (no boots)
Stlth    +++.......             (no amulet)
HPRegen  0.10/turn              (no ring)
MPRegen  0.14/turn              (no ring)

@: no status effects
A: no striking features
a: no special abilities


You were on level 4 of the Dungeon.
You were not hungry.

You visited 1 branch of the dungeon, and saw 4 of its levels.

You collected 158 gold pieces.

Inventory:

Hand Weapons
 n - a +0 hunting sling
 o - a +2 rapier (weapon)
 q - a +1 dagger of freezing
Missiles
 h - 166 stones (quivered)
Armour
 a - a +0 robe (worn)
 i - a +1 pair of gloves (worn)
 p - a +0 helmet (worn)
Wands
 m - a wand of paralysis (5)
 r - a wand of acid (10)
 s - a wand of enslavement (11)
Scrolls
 f - a scroll of identify
 j - a scroll of teleportation
 l - a scroll of remove curse
 t - a scroll of enchant armour {unknown}
 u - a scroll of fear
Potions
 b - a potion of ambrosia
 d - a potion of stabbing
 e - a potion of haste {unknown}
 g - 3 potions of degeneration
 k - 2 potions of curing
Comestibles
 c - 5 rations


   Skills:
 + Level 0.0 Fighting
 - Level 2.4 Dodging
 + Level 4.5 Stealth
 + Level 4.8 Spellcasting
 * Level 7.2 Necromancy


You had 5 spell levels left.
You knew the following spells:

 Your Spells              Type           Power        Failure   Level  Hunger
a - Pain                  Necr           ####         1%          1    None
b - Animate Skeleton      Necr           N/A          1%          1    None
c - Vampiric Draining     Necr           #####.....   1%          3    ##.....
d - Animate Dead          Necr           N/A          5%          4    ####...

Your spell library contained the following spells:

 Spells                   Type           Power        Failure   Level  Hunger
 Agony                    Necr           #####...     14%         5    #####..


Dungeon Overview and Level Annotations

Branches:
Dungeon (4/15)
 Temple: D:4-7

Altars:
Okawaru
Trog


Message History

You hit the adder skeleton.
The adder skeleton is severely damaged.
The adder skeleton bites you but does no damage.
The adder skeleton bites you.
You closely miss the adder skeleton.
The adder skeleton is severely damaged.
The adder skeleton closely misses you.
The ogre shouts!
You hit the adder skeleton.
You destroy the adder skeleton!
Found 15 gold pieces.
You hit the ogre.
The ogre is lightly wounded.
The ogre hits you with a +0 giant club!!
Ouch! That really hurt!
* * * LOW HITPOINT WARNING * * *
Unknown command.
The ogre hits you with a +0 giant club!!
Ouch! That really hurt!
You die...

.......... #.##..## ...........
#..#.... .....$...# #.....# #...#
..# #....## #..###.## .# ##....##
###..##..# .###......# .
###.....#..## ..........# .#
.........O...###........... .#
#..##.....@...#............ .#
#.###..#####...............
.#####.......# #(..............
..##........## ##...............
......##....# ##......###.......
..#.<..###..####................#
.###....###....................##
.# ###...##..###.........##....#
.# ##...#.# ##..>#....###..##


You could see an ogre.

Vanquished Creatures
  A scorpion (D:4)
  An orc priest (D:3)
  Ijyb (D:3)
  A worker ant (D:4)
  Robin (D:3)
  2 adders
  2 oozes
  2 adder skeletons (D:4)
  5 worms
  2 dart slugs
  4 leopard geckos
  7 orcs
  2 bats
  2 giant cockroaches
  12 goblins
  9 hobgoblins
  13 jackals
  7 kobolds
  5 quokkas
  A ball python (D:2)
  2 frilled lizards
  4 rats (D:1)
86 creatures vanquished.

Notes
Turn   | Place    | Note
-------+----------+-------------------------------------------
     0 | D:1      | Radical100 the Deep Elf Necromancer began the quest for the
                  | Orb.
     0 | D:1      | Reached XP level 1. HP: 10/10 MP: 6/6
     6 | D:1      | Learned a level 1 spell: Animate Skeleton
   130 | D:1      | Reached skill level 5 in Necromancy
   348 | D:1      | Reached XP level 2. HP: 9/15 MP: 1/8
  1466 | D:1      | Reached XP level 3. HP: 15/19 MP: 4/9
  1948 | D:2      | Learned a level 3 spell: Vampiric Draining
  2113 | D:2      | Found a bloodstained altar of Trog.
  2567 | D:2      | Reached skill level 6 in Necromancy
  2772 | D:3      | Reached XP level 4. HP: 21/24 MP: 7/11
  2929 | D:3      | Noticed Ijyb
  2934 | D:3      | Killed Ijyb
  3142 | D:3      | Noticed Robin
  3153 | D:3      | Killed Robin
  3375 | D:3      | Reached XP level 5. HP: 11/28 MP: 1/13
  3736 | D:3      | Learned a level 4 spell: Animate Dead
  4564 | D:3      | Found an iron altar of Okawaru.
  5053 | D:4      | Noticed an ogre
  5126 | D:4      | Reached skill level 7 in Necromancy
  5182 | D:4      | Reached XP level 6. HP: 31/32 MP: 12/15
  5408 | D:4      | Mangled by an ogre

Illustrated notes

Levels and vault maps discovered:
D:1:      denvon_arrival_planthouse, layout_basic
D:2:      layout_basic, bloody_trog
D:3:      wad_woods_stonehenge, layout_basic, uniq_ijyb, uniq_robin
D:4:      layout_layer_cave

Skill      XL: |  1  2  3  4  5 |
---------------+----------------+-----
Necromancy     | 5 6 7 |  7.2
Stealth        | 3 4 |  4.5
Spellcasting   | 4 |  4.8
Dodging        | |  2.4

Action                   |  1- 3 |  4- 6 || total
-------------------------+-------+-------++-------
Melee: Rapier            |       |    56 ||    56
 Cast: Pain              |    69 |    99 ||   168
       Animate Dead      |       |     1 ||     1
       Vampiric Draining |       |     1 ||     1
  Use: Scroll            |     4 |     5 ||     9
  Eat: Chunk             |     5 |     5 ||    10
       Ration            |       |     1 ||     1
Armor: Robe              |       |    34 ||    34
Dodge: Dodged            |     4 |    76 ||    80

Table legend:
 A = Non-vault XP
 B = Vault XP
 C = Vault XP percentage of total XP
 D = Non-vault monster count
 E = Vault monster count
 F = Vault count percentage of total count
                 A         B        C        D         E       F
            +---------+---------+-------+---------+---------+-------
      Total |     340 |      75 |  18.1 |      72 |      14 |  16.3
            +---------+---------+-------+---------+---------+-------
        D:1 |      45 |       0 |   0.0 |      24 |       0 |   0.0
        D:2 |      47 |       0 |   0.0 |      13 |       0 |   0.0
        D:3 |     127 |      75 |  37.1 |      28 |      14 |  33.3
        D:4 |     121 |       0 |   0.0 |       7 |       0 |   0.0
            +---------+---------+-------+---------+---------+-------
